 Dungeon Crawl Stone Soup version 0.31-a0-662-g684573625c (webtiles) character file.

Game seed: 8201634922590173035

132 Aj7335 the Chopper (level 4, -3/41 HPs)
             Began as a Minotaur Berserker on Sept 1, 2023.
             Was a Believer of Trog.
             Slain by a gnoll
             ... wielding a +1 spear of venom
              (5 damage)
             ... on level 4 of the Dungeon.
             The game lasted 00:02:25 (1249 turns).

Aj7335 the Chopper (Minotaur Berserker)             Turns: 1249, Time: 00:02:26

Health: -3/41      AC:  5    Str: 23    XL:     4   Next: 92%
Magic:  3/3        EV: 10    Int:  4    God:    Trog [**....]
Gold:   122        SH:  7    Dex: 10    Spells: 3/3 levels left

rFire   . . .        a - +0 hand axe
rCold   . . .        c - +0 kite shield
rNeg    . . .        g - +0 ring mail
rPois   .            (helmet restricted)
rElec   .            (no cloak)
rCorr   .            (no gloves)
SInv    .            (no boots)
Will    .....        (no amulet) Stlth
                     (no ring)
HPRegen 0.26/turn    (no ring)
MPRegen 0.08/turn

%: no passive effects
@: lethally poisoned (-3 -> -15), on berserk cooldown, slowed, very slow
A: horns 2, retaliatory headbutt
a: Renounce Religion, Berserk, Trog's Hand


You were on level 4 of the Dungeon.
You worshipped Trog.
Trog was pleased with you.
You visited 1 branch of the dungeon, and saw 3 of its levels.

You collected 122 gold pieces.

Inventory:

Hand Weapons
 a - a +0 hand axe (weapon)
Armour
 c - a +0 kite shield (worn)
 g - a +0 ring mail (worn)
Scrolls
 b - a scroll of teleportation {unknown}
 e - a scroll of blinking {unknown}
 h - a scroll of identify {unknown}
Potions
 d - a potion of mutation {unknown}
 f - a potion of curing {unknown}
 i - 2 potions of cancellation {unknown}


   Skills:
 + Level 4.6 Fighting
 + Level 5.0 Axes
 + Level 3.6 Armour
 + Level 2.6 Dodging
 + Level 0.6 Shields


You had 3 spell levels left.
You didn't know any spells.
Your spell library was empty.

Dungeon Overview and Level Annotations

Branches:
Dungeon (2/15)

Altars:


Innate Abilities, Weirdness & Mutations

You have a pair of horns on your head.
You reflexively headbutt those who attack you in melee.


Message History

Calm down first, please.
Calm down first, please.
You are too injured to fight recklessly!
You are too injured to fight recklessly!
Calm down first, please.
You feel a strong urge to attack something.
The gnoll hits you but does no damage.
Things that are here:
a +0 club; a gnoll corpse You barely miss the gnoll.
You block the gnoll's attack.
You closely miss the gnoll. The gnoll barely misses you.
You slash the gnoll!
You kill the gnoll!
Trog accepts your kill.
You slash the adder!
The adder is almost dead.
The adder bites you but does no damage. You block the gnoll's attack.
You slash the adder!
You kill the adder!
Trog accepts your kill.
Found a whip.
You are no longer berserk.
You are exhausted.
You feel yourself slow down.
The gnoll hits you with a +1 spear of venom.
You are poisoned.
Things that are here:
a +0 spear; an adder corpse You hit the gnoll but do no damage.
You feel very sick.
The gnoll hits you with a +1 spear of venom.
* * * LOW HITPOINT WARNING * * *
You are lethally poisoned!
You block the gnoll's attack.
You closely miss the gnoll. Your headbutt misses the gnoll.
* * * LOW HITPOINT WARNING * * *
You feel extremely sick. You block the gnoll's attack.
The gnoll hits you with a +1 spear of venom.
You die...

## #........# # ...
#........#.###
....##............#
......>.....#####....
....##..##### # .
#..+ #..#####
#))?...# #@####....
#g# ## #S# .K. ...
..... ..... ...)...


You could see a gnoll, a ball python and a kobold.

Vanquished Creatures
  A scorpion (D:4)
  3 gnolls (D:4)
  An adder (D:4)
  3 endoplasms (D:1)
  A giant cockroach (D:1)
  5 goblins
  A hobgoblin (D:1)
  2 jackals (D:1)
  3 kobolds
  A quokka (D:2)
  2 ball pythons (D:1)
  4 bats
  A frilled lizard (D:1)
  5 rats
33 creatures vanquished.

Notes
Turn   | Place    | Note
-------+----------+-------------------------------------------
     0 | D:1      | Aj7335 the Minotaur Berserker began the quest for the Orb.
     0 | D:1      | Reached XP level 1. HP: 19/19 MP: 0/0
   248 | D:1      | Reached skill level 4 in Axes
   248 | D:1      | Reached XP level 2. HP: 27/27 MP: 1/1
   275 | D:1      | Found a faded altar of an unknown god.
  1106 | D:2      | Reached ** piety under Trog
  1168 | D:2      | Reached XP level 3. HP: 33/33 MP: 2/2
  1221 | D:2      | You fall into a shaft and drop 2 floors!
  1230 | D:4      | Noticed a scorpion
  1237 | D:4      | Killed a scorpion
  1238 | D:4      | Reached XP level 4. HP: 21/41 MP: 3/3
  1240 | D:4      | Reached skill level 5 in Axes
  1249 | D:4      | HP: 2/41 [poisoned by a gnoll]
  1249 | D:4      | Slain by a gnoll

Illustrated notes

Levels and vault maps discovered:
D:1:      dpeg_arrival_connections, layout_basic, ebering_ecumenical_altar_ruins
D:2:      layout_basic, nicolae_figureground_sparkle
D:4:      layout_basic, mainiacjoe_overflow_surrounded_room,
          nicolae_ashenzari_skybound, kennysheep_generic_room_11, uniq_grinder,
          uniq_robin

Skill      XL: |  1  2  3  4 |
---------------+-------------+-----
Axes           | 4 5 |  5.0
Fighting       | 4 |  4.6
Armour         | 3 |  3.6
Dodging        | |  2.6
Shields        | |  0.6

Action                     |  1- 3 |  4- 6 || total
---------------------------+-------+-------++-------
  Melee: Hand axe          |    60 |     8 ||    68
         Headbutt          |    10 |     1 ||    11
 Invoke: Berserk           |       |     1 ||     1
 Armour: Animal skin       |    17 |       ||    17
         Ring mail         |    27 |     6 ||    33
  Dodge: Dodged            |    29 |     2 ||    31
  Block: Kite shield       |    17 |     6 ||    23

Table legend: (Time is in decaauts)
 A = Elapsed time spent in this place.
 B = Non-inter-level travel time spent in this place.
 C = Inter-level travel time spent in this place.
 D = Time resting spent in this place.
 E = Time spent auto-exploring this place.
 F = Levels seen in this place.
 G = Mean time per level.
                   A        B        C        D        E       F      G
               +--------+--------+--------+--------+--------+-----+--------+
         Total |   1259 |   1218 |     41 |      0 |   1037 |   3 |  419.7 |
       Dungeon |   1259 |   1218 |     41 |      0 |   1037 |   3 |  419.7 |
               +--------+--------+--------+--------+--------+-----+--------+

Top non-repeatable levels by time:
     D:1: 1106 daAuts
     D:2: 124 daAuts
     D:4: 28 daAuts
